Map: Heavy Artillery LE

Players

cabakaaaa - Winner!

  • Race: Zerg Zerg
  • Spawn Location: 3:00

PPO - Winner!

  • Race: Terran Terran
  • League: Diamond
  • Spawn Location: 1:00

Massa

  • Race: Terran Terran
  • League: Platinum
  • Spawn Location: 7:00

qqq

  • Race: Zerg Zerg
  • League: Platinum
  • Spawn Location: 7:00

VOD

Have the link to the VOD?

Description

Time

  • Played on: Dec. 6, 2020, 6:11 a.m.
  • Length: 13:11
Show
View Real Time Build Order
Export as new Build Order

cabakaaaa Zerg - Winner!

Build Orders: Hatch First 

Get SALT Encoding   

  12  0:00  Drone  
  13  0:13  Overlord  
  13  0:17  Drone  
  14  0:31  Drone  
  14  0:32  Drone  
  16  0:50  Hatchery  
  15  1:03  Spawning Pool  
  14  1:06  Extractor  
  14  1:08  Drone  
  14  1:12  Drone  
  14  1:16  Drone  
  16  1:20  Drone  
  17  1:31  Drone  
  18  1:50  Queen  
  20  1:55  Overlord  
  20  2:02  Queen  
  20  2:05  Zergling x4  
  20  2:08  Metabolic Boost  
  24  2:11  Zergling x2  
  25  2:17  Drone  
  25  2:18  Zergling x2  
  27  2:24  Zergling x2  
  28  2:43  Zergling x2  
  28  2:44  Zergling x4  
  31  3:03  Overlord  
  31  3:04  Drone x5  
  36  3:36  Drone x7  
  43  3:45  Lair  
  42  4:01  Hatchery  
  41  4:03  Drone x2  
  41  4:07  Extractor  
  41  4:08  Extractor  
  41  4:12  Overlord x2  
  41  4:13  Extractor  
  41  4:14  Drone x2  
  42  4:20  Drone  
  43  4:25  Overlord x2  
  43  4:33  Evolution Chamber  
  43  4:35  Evolution Chamber  
  41  4:47  Queen  
  41  4:51  Drone x6  
  49  4:59  Spore Crawler  
  48  5:05  Hydralisk Den  
  47  5:10  Spore Crawler  
  47  5:11  Drone x4  
  47  5:12  Drone x2  
  52  5:18  Spore Crawler x2  
  50  5:23  Queen  
  50  5:27  Zerg Missile Weapons Level 1  
  52  5:28  Zerg Ground Armor Level 1  
  52  5:37  Hydralisk x3  
  53  6:03  Hydralisk x6  
  63  6:13  Zergling x8  
  61  6:48  Drone x8  
  69  6:55  Spore Crawler  
  69  6:56  Hatchery  
  67  7:02  Hydralisk x2  
  71  7:10  Overlord  
  71  7:11  Overlord x4  
  71  7:16  Spore Crawler  
  71  7:19  Grooved Spines  
  70  7:25  Zerg Missile Weapons Level 2  
  70  7:29  Drone x4  
  74  7:44  Zerg Ground Armor Level 2  
  74  7:47  Hydralisk  
  74  7:48  Hydralisk x2  
  80  7:51  Hydralisk  
  82  8:04  Overlord x3  
  82  8:22  Queen  
  84  8:29  Drone x11  
  95  8:35  Muscular Augments  
  95  8:41  Drone x4  
  99  8:42  Infestation Pit  
  98  8:51  Spore Crawler  
  98  8:52  Spore Crawler  
  96  8:56  Hydralisk x4  
  96  8:59  Hydralisk  
  106  9:02  Extractor  
  106  9:04  Extractor  
  104  9:13  Lurker Den  
  104  9:17  Drone x4  
  107  9:25  Hydralisk x4  
  115  9:34  Overlord  
  115  9:35  Overlord x2  
  114  10:09  Hydralisk x2  
  114  10:10  Hydralisk x7  
  114  10:11  Hydralisk x3  
  138  10:22  Queen  
  136  10:31  Overseer  
  136  10:37  Hydralisk x5  
  146  10:45  Hive  
  84  11:19  Hydralisk x3  
  84  11:20  Hydralisk x8  
  84  11:21  Hydralisk  
  108  11:37  Hydralisk x3  
  112  12:05  Overseer x4  
  110  12:09  Hydralisk x6, Zergling x6  
Show
View Real Time Build Order
Export as new Build Order

PPO Terran - Winner!

Build Orders: Mech 

Get SALT Encoding   

  12  0:00  SCV  
  13  0:12  SCV  
  14  0:19  Supply Depot  
  14  0:25  SCV  
  15  0:30  Refinery  
  15  0:40  SCV  
  16  0:45  Barracks  
  16  0:53  SCV  
  17  1:10  SCV  
  18  1:22  SCV  
  19  1:32  Barracks Reactor  
  19  1:34  SCV  
  19  1:39  Command Center  
  20  1:56  Factory  
  20  2:01  Supply Depot  
  20  2:10  Orbital Command  
  20  2:12  Marine  
  21  2:16  Marine  
  21  2:32  Bunker  
  22  2:39  SCV  
  23  2:51  SCV  
  23  2:58  Hellion x2  
  27  3:03  SCV  
  27  3:05  Supply Depot  
  28  3:15  SCV  
  29  3:24  Orbital Command  
  29  3:29  SCV  
  29  3:30  Supply Depot  
  29  3:31  Hellion x2  
  34  3:40  Refinery  
  34  3:42  SCV  
  34  3:43  Starport  
  35  4:01  SCV x2  
  37  4:09  Factory  
  37  4:13  SCV x2  
  37  4:14  Engineering Bay  
  37  4:15  Refinery  
  39  4:22  Starport Reactor  
  39  4:25  SCV x2  
  39  4:29  Hellion x2  
  45  4:33  Barracks Tech Lab  
  45  4:36  Refinery  
  45  4:37  SCV x2  
  47  4:40  Armory  
  47  4:46  Missile Turret  
  47  4:49  Missile Turret  
  47  5:00  Factory  
  47  5:02  SCV  
  47  5:03  SCV  
  47  5:04  Missile Turret  
  49  5:14  SCV  
  49  5:15  SCV  
  49  5:20  Hellion, Siege Tank  
  48  5:27  Hellion  
  48  5:28  SCV x2  
  52  5:37  Medivac  
  52  5:40  SCV  
  55  5:45  Missile Turret  
  55  5:48  Factory Tech Lab  
  55  6:03  Hellion x3  
  53  6:16  Hellion  
  55  6:22  Viking x2  
  55  6:24  Hellion  
  58  6:34  SCV x2  
  60  6:43  Widow Mine  
  60  6:45  Terran Vehicle Weapons Level 1  
  62  6:49  Missile Turret  
  62  6:52  SCV  
  62  6:53  Widow Mine x2  
  67  6:57  Supply Depot  
  67  6:59  Supply Depot  
  67  7:12  Widow Mine  
  67  7:15  SCV  
  70  7:19  Widow Mine, SCV  
  70  7:22  Widow Mine x2  
  77  7:28  Factory  
  77  7:30  Infernal Pre-Igniter  
  77  7:32  SCV  
  77  7:33  Supply Depot  
  77  7:34  Widow Mine  
  77  7:35  SCV  
  81  7:38  Supply Depot  
  81  7:41  Barracks Tech Lab  
  81  7:44  SCV  
  81  7:47  SCV  
  81  7:50  Siege Tank  
  86  7:56  Supply Depot  
  86  7:57  Neosteel Armor, Supply Depot  
  86  8:00  Missile Turret  
  86  8:05  Widow Mine x3  
  92  8:23  SCV x2, Supply Depot  
  94  8:27  Command Center  
  94  8:28  Thor  
  94  8:31  Viking  
  102  8:46  Factory  
  102  8:48  Hellion x2  
  106  8:52  Terran Vehicle Weapons Level 2  
  106  8:56  SCV x2  
  106  8:57  Supply Depot  
  106  8:58  Armory  
  108  9:06  Thor  
  108  9:07  Supply Depot  
  114  9:12  Barracks Tech Lab  
  114  9:20  Viking x2  
  118  9:25  Thor  
  124  9:37  Factory Tech Lab  
  124  9:43  Hellion x3  
  124  9:44  Thor  
  130  9:52  Thor  
  136  9:53  Viking  
  136  9:54  Viking  
  136  9:58  Orbital Command  
  140  10:11  Thor  
  146  10:17  Terran Vehicle And Ship Armor Level 1  
  146  10:38  Siege Tank x3  
  151  10:58  Orbital Command  
  137  11:10  Hellion x2  
  137  11:11  Hellion x2  
  126  11:23  Hellion x2  
  130  11:32  Hellion x4  
  136  11:36  SCV x2  
  136  11:37  SCV  
  139  11:44  Hellion x2  
  141  11:48  SCV  
  142  11:58  Hellion x2  
  142  11:59  Hellion, Siege Tank  
  149  12:05  Siege Tank  
  140  12:22  Viking x2  
  126  12:39  Hellion x3  
  138  12:48  Hellion  
Show
View Real Time Build Order
Export as new Build Order

Massa Terran 

Build Orders: Reaper Expand 

Get SALT Encoding   

  12  0:00  SCV  
  13  0:18  SCV, Supply Depot  
  14  0:30  SCV  
  15  0:40  Refinery  
  15  0:42  SCV  
  16  0:45  Barracks  
  16  0:54  SCV  
  17  1:06  SCV  
  18  1:18  SCV  
  19  1:32  Reaper  
  20  1:33  Orbital Command  
  20  1:44  Command Center  
  20  1:59  SCV  
  21  2:05  Marine  
  21  2:06  Supply Depot  
  22  2:15  Factory  
  22  2:26  Barracks Reactor  
  22  2:35  Supply Depot  
  22  2:36  Barracks  
  22  2:43  SCV  
  23  2:48  Refinery  
  23  2:55  SCV  
  24  2:58  Orbital Command  
  24  3:10  Barracks Tech Lab  
  24  3:11  Hellion x2  
  24  3:12  Supply Depot  
  28  3:18  SCV  
  29  3:25  SCV  
  30  3:29  Marauder  
  30  3:30  SCV  
  33  3:37  SCV, Hellion  
  33  3:40  Barracks Reactor  
  32  4:01  Hellion x2  
  36  4:05  Marauder  
  36  4:06  SCV x2  
  40  4:11  Engineering Bay  
  40  4:13  Starport  
  40  4:18  SCV x2  
  40  4:22  Stimpack  
  40  4:23  Hellion x2  
  46  4:26  Marauder  
  48  4:39  Bunker  
  48  4:44  Terran Infantry Weapons Level 1  
  48  4:45  Hellion x2  
  52  4:46  SCV x2  
  52  4:48  Refinery, Marine  
  52  4:50  Marine  
  56  4:59  Marauder  
  58  5:06  Widow Mine x2  
  62  5:28  Supply Depot  
  62  5:29  Missile Turret  
  62  5:33  Supply Depot  
  62  5:34  Supply Depot  
  62  5:35  Missile Turret  
  62  5:42  Marine x2  
  62  5:50  Marauder  
  62  6:11  Marauder  
  54  6:33  Marauder  
  54  6:34  Widow Mine x2  
  54  6:38  Marine x2  
  54  6:39  Liberator  
  65  6:41  Terran Infantry Armor Level 1  
  65  6:44  SCV x2  
  65  6:45  Armory  
  67  6:54  Marauder  
  67  6:55  Widow Mine  
  67  6:56  Widow Mine, SCV, Marine  
  67  6:57  SCV  
  67  6:59  Marine  
  77  7:05  Barracks  
  77  7:08  Command Center  
  77  7:09  SCV x2  
  79  7:16  Marauder  
  79  7:21  SCV  
  82  7:30  Marine  
  82  7:31  Marine  
  86  7:37  Marauder  
  86  7:52  Starport Reactor  
  86  7:53  Supply Depot  
  86  7:54  Combat Shield, Supply Depot x2  
  86  7:55  Supply Depot  
  86  7:56  Supply Depot  
  86  7:58  Barracks Tech Lab  
  86  7:59  Command Center  
  86  8:14  Marine x2  
  86  8:15  SCV x2, Marauder  
  86  8:18  Supply Depot  
  92  8:21  Planetary Fortress  
  92  8:24  Missile Turret  
  92  8:27  SCV x2  
  92  8:32  Marine x2  
  96  8:36  Marauder  
  96  8:38  Marauder  
  96  8:39  SCV x2  
  96  8:40  Hellion x2  
  106  8:44  Refinery  
  106  8:45  Missile Turret  
  106  8:47  Factory  
  106  8:50  Marine x2  
  106  8:51  SCV x2, Terran Infantry Weapons Level 2  
  106  8:53  Concussive Shells  
  110  8:58  Marauder  
  110  8:59  Marauder  
  110  9:00  Sensor Tower  
  114  9:02  Engineering Bay  
  114  9:03  SCV x2  
  114  9:04  SCV  
  117  9:10  Refinery  
  117  9:15  SCV  
  117  9:16  SCV x2, Planetary Fortress  
  120  9:19  Marauder  
  120  9:20  Marauder, Missile Turret  
  120  9:22  Marine x2  
  126  9:29  Terran Infantry Armor Level 2  
  126  9:35  Barracks  
  126  9:37  Barracks, Medivac x2  
  130  9:41  Marauder  
  130  9:42  Missile Turret  
  132  9:51  Marauder  
  132  9:52  Marine x2  
  136  9:54  SCV x2  
  136  9:55  SCV  
  136  9:56  SCV  
  140  10:02  Marauder  
  140  10:04  Terran Vehicle Weapons Level 1  
  140  10:06  SCV  
  140  10:07  Factory Tech Lab  
  143  10:09  Marine x2  
  143  10:13  Marauder  
  143  10:14  Widow Mine x2  
  151  10:16  SCV x3  
  151  10:18  SCV  
  155  10:23  Marauder  
  157  10:28  SCV x2  
  157  10:29  SCV  
  157  10:30  SCV  
  100  11:08  Marauder  
  100  11:10  Marauder  
  100  11:11  Marine x2  
  78  11:13  Barracks Tech Lab  
  78  11:15  Barracks Tech Lab  
  71  11:23  Siege Tank  
  71  11:24  Widow Mine  
  71  11:25  Widow Mine  
  78  11:26  Medivac  
  78  11:27  Medivac  
  78  11:29  Marine x2  
  78  11:30  Marauder  
  78  11:31  SCV x4  
  78  11:32  Marauder  
  90  11:43  SCV x4  
  90  11:46  Widow Mine x2, Marine  
  90  11:47  Marine  
  97  11:50  Marauder x2  
  97  11:51  Marauder  
  97  11:53  Marauder  
  106  11:55  SCV x4, Siege Tank  
  106  11:56  Medivac  
  106  11:57  Medivac  
  113  12:04  Marine  
  113  12:07  Marine  
  115  12:11  Marauder  
  115  12:12  Marauder  
  115  12:15  Marauder  
  116  12:22  Marine  
  99  12:25  Marine  
  99  12:27  Siege Tank  
  101  12:33  Barracks, Marauder x2  
  101  12:36  Marauder  
  103  12:40  Marine  
  103  12:43  Marine  
Show
View Real Time Build Order
Export as new Build Order

qqq Zerg 

Build Orders: Hatch First, Brood Lord Corruptor, Muta Ling Bane 

Get SALT Encoding   

  12  0:04  Drone  
  13  0:08  Drone  
  14  0:17  Overlord  
  14  0:45  Hatchery  
  13  0:50  Drone  
  13  0:52  Drone  
  15  0:57  Drone  
  16  1:15  Spawning Pool  
  16  1:16  Extractor  
  14  1:25  Drone x2  
  16  1:26  Drone  
  17  1:37  Drone  
  18  2:04  Drone  
  18  2:05  Drone  
  18  2:06  Queen  
  18  2:08  Queen  
  22  2:10  Drone x2  
  22  2:12  Overlord  
  26  2:22  Overlord  
  26  2:24  Drone  
  27  2:30  Zergling x2  
  28  2:42  Drone  
  28  2:43  Drone  
  30  2:45  Metabolic Boost, Zergling x2  
  31  2:55  Drone  
  31  2:57  Zergling x2  
  33  3:16  Zergling x4  
  34  3:23  Overlord  
  34  3:28  Drone x3  
  37  3:46  Drone, Lair  
  37  3:47  Zergling x2, Overlord  
  39  3:52  Hatchery  
  38  4:05  Drone x5, Extractor  
  42  4:10  Drone x2  
  42  4:14  Extractor  
  43  4:23  Spine Crawler  
  42  4:25  Drone x2  
  42  4:26  Spine Crawler, Zergling x2  
  44  4:31  Drone  
  44  4:33  Extractor  
  44  4:34  Drone  
  45  4:44  Drone x2, Spire  
  45  4:45  Drone, Overlord  
  47  4:46  Drone x3  
  50  5:21  Drone x2  
  50  5:22  Drone x5, Overlord  
  50  5:23  Zergling x8  
  61  5:37  Infestation Pit  
  61  5:39  Zergling x2  
  61  5:40  Hatchery  
  60  5:49  Drone x3  
  64  5:50  Drone x3  
  61  6:05  Zergling x6  
  61  6:06  Drone x2  
  66  6:19  Drone, Hive  
  66  6:20  Drone, Mutalisk x3  
  71  6:38  Mutalisk x4  
  71  6:39  Drone  
  81  6:40  Drone  
  81  6:48  Extractor x2, Drone  
  81  6:49  Drone, Overlord  
  81  6:51  Queen  
  83  6:56  Queen  
  83  6:58  Drone x2  
  87  7:03  Overlord x2  
  87  7:23  Baneling Nest  
  87  7:25  Drone x8  
  87  7:26  Drone  
  95  7:30  Greater Spire  
  95  7:33  Zergling x6  
  98  7:39  Spine Crawler  
  97  7:48  Drone x4  
  101  8:00  Viper  
  101  8:02  Corruptor x3  
  101  8:04  Overlord x5  
  101  8:05  Drone  
  111  8:09  Extractor x2  
  109  8:18  Centrifical Hooks  
  109  8:22  Evolution Chamber  
  109  8:23  Drone x2  
  109  8:24  Drone x3  
  109  8:25  Evolution Chamber  
  109  8:26  Hatchery, Corruptor  
  111  8:27  Corruptor x3  
  111  8:28  Corruptor  
  111  8:30  Corruptor  
  123  8:35  Hatchery  
  123  8:40  Drone x2  
  125  8:41  Drone x3  
  127  8:55  Corruptor  
  127  8:56  Corruptor  
  127  8:58  Brood Lord x3  
  127  8:59  Brood Lord  
  127  9:00  Drone  
  127  9:01  Drone  
  141  9:08  Drone  
  142  9:10  Zerg Flyer Weapons Level 1  
  142  9:13  Zerg Melee Weapons Level 1  
  142  9:17  Drone  
  143  9:27  Zerg Ground Armor Level 1  
  143  9:29  Zergling x6  
  143  9:30  Zergling x10  
  143  9:31  Overlord x2  
  151  9:36  Baneling x13  
  151  9:37  Baneling  
  151  9:38  Baneling  
  151  9:39  Baneling  
  151  9:40  Drone x3  
  151  9:45  Queen  
  156  9:46  Drone  
  157  9:54  Overseer  
  157  9:55  Overseer  
  157  9:56  Pneumatized Carapace  
  157  10:02  Zergling x4, Spore Crawler  
  157  10:03  Corruptor x3  
  157  10:07  Drone x6  
  170  10:26  Brood Lord x3  
  176  10:30  Baneling x5  
  176  10:31  Baneling x2  
  176  10:32  Baneling  
  176  10:38  Zergling x6  
  176  10:39  Overlord x6  
  179  10:47  Spine Crawler  
  179  10:50  Drone x2, Spine Crawler  
  141  11:04  Zerg Flyer Armor Level 1  
  141  11:10  Corruptor x3  
  141  11:11  Corruptor x2  
  128  11:12  Zergling x10  
  128  11:13  Zergling x2  
  128  11:14  Drone x4  
  128  11:15  Drone x5  
  137  11:19  Ultralisk Cavern  
  124  11:34  Mutalisk  
  124  11:35  Zergling x6, Corruptor x2  
  124  11:36  Corruptor x2  
  137  11:40  Baneling x5  
  137  11:41  Baneling  
  137  11:45  Spine Crawler  
  137  11:46  Drone x3, Corruptor x2  
  137  11:47  Drone  
  138  11:48  Spine Crawler  
  138  11:49  Extractor x2  
  138  11:51  Extractor x2  
  121  12:27  Ultralisk  
  123  12:33  Brood Lord  
  123  12:34  Drone x3  
  123  12:35  Drone x3  
  127  12:41  Spine Crawler x2  
  121  12:46  Brood Lord  
  121  12:47  Brood Lord  
  121  12:50  Zergling x2  
  121  12:51  Zergling x16  
  132  12:52  Drone, Zergling x6  
  132  12:54  Hatchery  
  132  12:57  Drone  
Tags
 
Add a new tag
Caveats
  • Supply blocks, unpowered buildings, or Contaminate may cause inaccurate times.
  • Supply counts are checked every 10 seconds.